AoeStats
← josiahkane

Runestones

508025200Analyzed
1v1 RM · 13d ago on Sep 20, 2026· 13m 37s· 2 players
Game mode
Random Map
Map size
Tiny (2 player)
Population
200
Speed
Normal
Resources
Standard
Victory
Conquest
Starting age
Dark Age
Ending age
Imperial Age
RankedLock teamsTeams togetherTeam positionsShared explorationLock speedFull tech treeHidden civsTurbo modeCheats
Victory
Defeat
🇦🇷 Malay · Argentina
913
+17
🇬🇧 Bohemians · United Kingdom
934
-17
El dengue
6:18 Loom
10:22 Feudal Age
10:13 Double-Bit Axe
11:06 Man-at-Arms
12:48 Loom
josiahkane
11:13 Feudal Age
10:27 Loom
11:54 Double-Bit Axe
Connection lost

Rejoining the realm…

Still unreachable

The connection could not be restored.

Session expired

The server has moved on; the page needs a fresh start.